 Dungeon Crawl Stone Soup version 0.23.2-33-g5129a83184 (webtiles) character file.

Game seed: 5088076884573204561

4090 MalarOregon the Spear-Bearer (level 10, -7/83 HPs)
             Began as a Merfolk Fighter on Aug 6, 2019.
             Was an Initiate of Gozag.
             Mangled by a demonic crawler (8 damage)
             ... on level 8 of the Dungeon.
             The game lasted 00:15:13 (6871 turns).

MalarOregon the Spear-Bearer (Merfolk Fighter)      Turns: 6871, Time: 00:15:13

Health: -7/83      AC: 17    Str: 25    XL:     10   Next: 26%
Magic:  10/10      EV: 10    Int:  8    God:    Gozag
Gold:   680        SH: 13    Dex: 18    Spells: 9/9 levels left

rFire    + + .     SeeInvis .   a - +1 trident
rCold    . . .     Gourm    .   c - +1 shield
rNeg     . . .     Faith    .   n - +4 plate armour {rF+}
rPois    +         Spirit   .   j - +0 helmet
rElec    +         Reflect  .   I - +0 cloak of Too Many Cooks {+Blink rElec rPois rF+}
rCorr    .         Harm     .   (no gloves)
MR       .....                  (no boots)
Stlth    ..........             (no amulet)
HPRegen  0.23/turn              E - ring of stealth
MPRegen  0.12/turn              (no ring)

@: mighty, agile, gold aura, very slightly contaminated, invisible
A: change form in water, swift swim, stealthy swim
a: Potion Petition, Call Merchant, Bribe Branch, Renounce Religion, Evoke Blink


You were on level 8 of the Dungeon.
You worshipped Gozag.
Gozag was pleased with you.
You were hungry.

You visited 2 branches of the dungeon, and saw 9 of its levels.
You visited the Abyss 1 time.

You collected 1115 gold pieces.
You spent 353 gold pieces at shops.
You paid 82 gold pieces to Gozag.

Inventory:

Hand Weapons
 a - a +1 trident (weapon)
 l - a +3 spear of venom
   (You found it on level 1 of the Dungeon)
 C - a +0 blowgun
   (You took it off a kobold on level 7 of the Dungeon)
Missiles
 b - 6 javelins
 h - 7 tomahawks
 k - 7 steel tomahawks (quivered)
 q - 7 tomahawks of dispersal {!f}
 D - 8 curare-tipped needles {!f}
Armour
 c - a +1 shield (worn)
 j - a +0 helmet (worn)
   (You found it on level 1 of the Dungeon)
 n - a +4 plate armour of fire resistance (worn)
   (You found it on level 6 of the Dungeon)
 I - the +0 cloak of Too Many Cooks (worn) {+Blink rElec rPois rF+}
   (You found it on level 5 of the Dungeon)

   It protects you from fire.
   It insulates you from electricity.
   It protects you from poison.
   It lets you blink.
Jewellery
 r - an uncursed ring of ice
   (You found it on level 6 of the Dungeon)
 E - a ring of stealth (left hand)
   (You found it on level 4 of the Dungeon)
 N - a +3 ring of protection {unknown}
   (You found it on level 2 of the Abyss)
Wands
 d - a wand of iceblast (13)
   (You found it on level 4 of the Dungeon)
 t - a wand of flame (15)
   (You bought it in a shop on level 5 of the Dungeon)
 u - a wand of paralysis (5)
   (You bought it in a shop on level 5 of the Dungeon)
 F - a wand of polymorph (8)
   (You found it on level 4 of the Dungeon)
Scrolls
 v - 7 scrolls of remove curse {@r2}
 y - 5 scrolls of identify {@r1}
 G - a scroll of silence {unknown}
 J - a scroll of enchant weapon
 L - a scroll of magic mapping
 M - a scroll of immolation {!r}
Potions
 i - 4 potions of lignification {unknown}
 o - 2 potions of brilliance
 p - a potion of mutation {!q}
 s - 3 potions of haste {@q3}
 w - 2 potions of resistance {unknown}
 x - 2 potions of flight
 H - 4 potions of curing {unknown}
 K - a potion of experience {unknown}
Comestibles
 e - 7 rations {!d}


   Skills:
 * Level 9.5 Fighting
 * Level 11.6 Polearms
 - Level 4.0 Throwing
 - Level 2.1 Armour
 * Level 8.6 Shields


You had 9 spell levels left.
You didn't know any spells.
Your spell library contained the following spells:

 Spells                   Type           Power        Failure   Level  Hunger
 Animate Skeleton         Necr           N/A          100%        1    ##.....
 Pain                     Necr           #...         100%        1    ##.....
 Regeneration             Chrm/Necr      #.........   100%        3    ####...
 Vampiric Draining        Necr           #.........   100%        3    ####...
 Animate Dead             Necr           N/A          100%        4    #####..


Dungeon Overview and Level Annotations

Branches:
Dungeon (8/15)             Temple (1/1) D:4
   Lair: D:8-11

Altars:
Ashenzari
Cheibriados
Dithmenos
Elyvilon
Fedhas
Gozag
Hepliaklqana
Kikubaaqudgha
Makhleb
Nemelex Xobeh
Okawaru
Qazlal
Ru
Sif Muna
Trog
Uskayaw
Vehumet
Wu Jian
Xom
Yredelemnul
Zin
The Shining One

Shops:
D:5 *

Annotations:
D:8 Psyche


Message History

The puff of flame hits you. You resist.
* * * LOW HITPOINT WARNING * * *
Unknown command.
You block Psyche's attack.
The demonic crawler hits you but does no damage.
You block the demonic crawler's attack. x2
Psyche points at you and mumbles some strange words.
The magic dart hits you.
* * * LOW HITPOINT WARNING * * *
You closely miss Psyche.
Psyche hits you with a +1 dagger of distortion.
* * * LOW HITPOINT WARNING * * *
You blink.
You open the door. Psyche gestures at you while chanting.
The puff of frost hits you.
* * * LOW HITPOINT WARNING * * *
You close the door.
You feel a little less mighty now.
Psyche becomes distracted by your gold, dreaming of imaginary riches.
Attack whom?
Aim: a demonic crawler You reach to attack!
Your plate armour prevents you from hitting the demonic crawler.
Attack whom?
Aim: a demonic crawler You reach to attack!
You hit the demonic crawler but do no damage.
You block the demonic crawler's attack. The demonic crawler hits you!
* * * LOW HITPOINT WARNING * * *
The demonic crawler hits you but does no damage.
You hit the demonic crawler but do no damage.
You feel very mighty all of a sudden. You block the demonic crawler's attack.
The demonic crawler hits you.
* * * LOW HITPOINT WARNING * * *
The demonic crawler hits you but does no damage.
You block the demonic crawler's attack.
The demonic crawler hits you but does no damage.
The demonic crawler hits you.
* * * LOW HITPOINT WARNING * * *
Okay, then.
You fade into invisibility!
Psyche is no longer distracted by gold.
The demonic crawler hits you but does no damage. x2
You block the demonic crawler's attack.
You open the door.
The demonic crawler hits you but does no damage.
The demonic crawler hits you!
You die...
Your body crumbles into a pile of gold.

#.# #.# #.#### ##.## #.###.###.#
#.# #.........# #(# #####.#####
##(## #..# ##(..## ###.#####
##(....## ##### #.......#
##.......## .
....####.#.....###.(.......####..
....s.........@s@'.........+...
.##.####.#.....###......_....#
###.# #.......# ##......._..# #.#
####.#### ##..^......# #.# #.#
#._..8.._.# ..# #.# ##.........#
### #.# ####..._.....##
#####.####........_...#
#........#............#


You could see a demonic crawler and Psyche.

Vanquished Creatures
  An orange demon (Abyss:2)
  A kobold demonologist (Abyss:2)
  A red devil (Abyss:2)
  A large abomination (Abyss:2)
  Sigmund (D:6)
  Eustachio (D:6)
  2 hungry ghosts
  Edmund (D:6)
  A water moccasin (D:8)
  2 orc warriors
  2 black bears (D:6)
  A phantom (D:3)
  2 ogres (D:7)
  2 centaurs
  2 big kobolds
  2 bullfrogs
  2 small abominations (Abyss:2)
  A scorpion (D:4)
  A howler monkey (D:5)
  A crimson imp (D:5)
  2 bullfrog zombies
  A centaur zombie (D:5)
  A quasit (Abyss:2)
  4 hounds
  3 jellies
  2 orc priests
  A centaur skeleton (D:7)
  A bullfrog skeleton (D:7)
  Jessica (D:3)
  3 orc wizards (D:7)
  4 worker ants
  A hound zombie (D:6)
  3 hound skeletons
  A worker ant zombie (D:7)
  A gnoll (D:1)
  11 adders
  A shadow imp (D:8)
  4 oozes
  2 worms
  3 leopard geckos
  19 orcs
  7 bats
  6 giant cockroaches
  8 goblins
  11 hobgoblins
  3 iguanas
  8 jackals
  18 kobolds
  A quokka (D:5)
  2 ball pythons (D:1)
  8 frilled lizards
  A jackal skeleton (D:6)
  A jackal zombie (D:7)
  A quokka skeleton (D:4)
  A quokka zombie (D:7)
  8 rats
181 creatures vanquished.

Notes
Turn   | Place    | Note
-------+----------+-------------------------------------------
     0 | D:1      | MalarOregon the Merfolk Fighter began the quest for the
                  | Orb.
     0 | D:1      | Reached XP level 1. HP: 18/18 MP: 1/1
   183 | D:1      | Reached XP level 2. HP: 12/24 MP: 2/2
   461 | D:1      | Found an iron altar of Okawaru.
   603 | D:1      | Reached XP level 3. HP: 21/30 MP: 3/3
  1047 | D:2      | Reached skill level 4 in Polearms
  1091 | D:2      | Reached XP level 4. HP: 33/37 MP: 4/4
  1819 | D:3      | Noticed Jessica
  1831 | D:3      | Killed Jessica
  1831 | D:3      | Reached XP level 5. HP: 42/43 MP: 5/5
  2277 | D:3      | Noticed a phantom
  2316 | D:3      | Killed a phantom
  2316 | D:3      | Reached skill level 5 in Polearms
  2316 | D:3      | Reached skill level 1 in Throwing
  2316 | D:3      | Reached XP level 6. HP: 48/50 MP: 6/6
  2585 | D:4      | Reached skill level 5 in Fighting
  2607 | D:4      | Found a staircase to the Ecumenical Temple.
  2636 | Temple   | Entered the Ecumenical Temple
  2687 | Temple   | Became a worshipper of Gozag Ym Sagoz the Greedy
  3179 | D:5      | Entered Level 5 of the Dungeon
  3194 | D:5      | Reached skill level 6 in Polearms
  3208 | D:5      | Found Feomud's General Store.
  3216 | D:5      | Bought a wand of flame (15) for 93 gold pieces
  3216 | D:5      | Bought 2 curare-tipped needles for 13 gold pieces
  3216 | D:5      | Bought a scroll of blinking for 82 gold pieces
  3216 | D:5      | Bought a scroll of remove curse for 33 gold pieces
  3247 | D:5      | Noticed a hungry ghost
  3263 | D:5      | Killed a hungry ghost
  3263 | D:5      | Reached XP level 7. HP: 53/56 MP: 7/7
  3266 | D:5      | Reached skill level 5 in Shields
  3289 | D:5      | Found a shimmering altar of Xom.
  3402 | D:5      | Bought a ration for 55 gold pieces
  3490 | D:5      | Found a basalt altar of Yredelemnul.
  3521 | D:5      | Found a shattered altar of Ashenzari.
  3550 | D:5      | Reached skill level 7 in Polearms
  3715 | D:5      | Bought a wand of paralysis (5) for 77 gold pieces
  3783 | D:5      | Got a pitted cloak
  4169 | D:5      | Identified the +0 cloak of Too Many Cooks {+Blink rElec
                  | rPois rF+} (You found it on level 5 of the Dungeon)
  4252 | D:6      | Noticed Eustachio
  4260 | D:6      | Reached XP level 8. HP: 47/64 MP: 8/8
  4299 | D:6      | Killed Eustachio
  4499 | D:6      | Found a deep blue altar of Sif Muna.
  4576 | D:6      | Reached skill level 8 in Polearms
  4853 | D:6      | Noticed Edmund
  4866 | D:6      | Killed Edmund
  4879 | D:6      | Found a bloodstained altar of Trog.
  4955 | D:6      | Noticed Sigmund
  4962 | D:6      | Killed Sigmund
  4962 | D:6      | Reached skill level 9 in Polearms
  5370 | D:6      | Reached XP level 9. HP: 72/72 MP: 9/9
  5737 | D:7      | Found a radiant altar of Vehumet.
  5760 | D:7      | Reached skill level 10 in Polearms
  5866 | D:7      | Found an ornate altar of the Wu Jian Council.
  5990 | D:7      | Found a blossoming altar of Fedhas.
  6324 | D:8      | Found a burning altar of Makhleb.
  6325 | D:8      | Found an ancient bone altar of Kikubaaqudgha.
  6327 | D:8      | Found a hide-covered altar of Uskayaw.
  6327 | D:8      | Found a stormy altar of Qazlal.
  6332 | D:8      | Found a shimmering altar of Xom.
  6333 | D:8      | Found a sparkling altar of Nemelex Xobeh.
  6453 | D:8      | Noticed Psyche
  6457 | D:8      | Cast into level 2 of the Abyss (Psyche)
  6486 | Abyss:2  | Noticed a kobold demonologist
  6490 | Abyss:2  | Noticed a soul eater
  6513 | Abyss:2  | Killed a kobold demonologist
  6523 | Abyss:2  | Reached skill level 11 in Polearms
  6523 | Abyss:2  | Reached XP level 10. HP: 21/83 MP: 10/10
  6525 | Abyss:2  | Noticed a spatial maelstrom
  6729 | Abyss:2  | Noticed an orange demon
  6750 | Abyss:2  | Killed an orange demon
  6788 | Abyss:2  | Noticed a large abomination
  6809 | Abyss:2  | Found a corrupted altar of Lugonu.
  6809 | Abyss:2  | Noticed a smoke demon
  6811 | Abyss:2  | Noticed a smoke demon
  6850 | D:8      | Escaped the Abyss
  6869 | D:8      | HP: 1/83 [demonic crawler (5)]
  6871 | D:8      | Mangled by a demonic crawler

Skill      XL: |  1  2  3  4  5  6  7  8  9 |
---------------+----------------------------+-----
Polearms       | 4 5 6 7 9 11 | 11.6
Fighting       | 4 5 6 7 9 |  9.5
Shields        | 4 5 6 8 |  8.6
Throwing       | 1 2 3 4 |  4.0
Armour         | |  2.1

Action                   |  1- 3 |  4- 6 |  7- 9 | 10-12 || total
-------------------------+-------+-------+-------+-------++-------
Melee: Trident           |    56 |       |       |    16 ||    72
       Spear             |    35 |   157 |   450 |    74 ||   716
Throw: Tomahawk          |     2 |    18 |       |       ||    20
  Use: Scroll            |       |     9 |     6 |     3 ||    18
       Potion            |       |       |     2 |     7 ||     9
 Stab: Distracted        |       |       |     4 |       ||     4
       Invisible         |       |       |     6 |       ||     6
  Eat: Chunk             |     1 |     5 |       |       ||     6
       Ration            |       |     1 |     5 |       ||     6
Armor: Scale mail        |    24 |    43 |     4 |       ||    71
       Plate armour      |       |       |   141 |    35 ||   176
Dodge: Dodged            |    17 |    25 |    32 |    11 ||    85
Block: Shield            |    24 |    41 |   145 |    39 ||   249
